 Dungeon Crawl Stone Soup version 0.30-a0-305-g026cb31310 (webtiles) character file.

Game seed: 12728698540754134708

90 GreatBamboolord the Grave Robber (level 4, -1/35 HPs)
             Began as a Hill Orc Necromancer on Oct 21, 2022.
             Slain by an orc wizard
             ... wielding a +0 dagger
              (3 damage)
             ... on level 2 of the Dungeon.
             The game lasted 00:04:21 (1982 turns).

GreatBamboolord the Grave Robber (HONe)             Turns: 1982, Time: 00:04:21

Health: -1/35      AC:  2    Str: 10    XL:     4   Next: 56%
Magic:  7/7        EV: 12    Int: 17    God:
Gold:   92         SH:  0    Dex: 11    Spells: 3/7 levels left

rFire   . . .      SeeInvis .    (no weapon)
rCold   . . .      Faith    .    (no shield)
rNeg    . . .      Spirit   .    a - +0 robe
rPois   .          Reflect  .    (no helmet)
rElec   .          Harm     .    (no cloak)
rCorr   .          Rampage  .    (no gloves)
Will    .....                    (no boots)
Stlth   ++........               (no amulet)
HPRegen 0.25/turn                (no ring)
MPRegen 0.10/turn                (no ring)

@: very slightly contaminated
A: no striking features
a: no special abilities


You were on level 2 of the Dungeon.
You visited 1 branch of the dungeon, and saw 2 of its levels.

You collected 92 gold pieces.

Inventory:

Armour
 a - a +0 robe (worn)
 k - a +2 scale mail of poison resistance
Scrolls
 c - a scroll of immolation {unknown}
 e - a scroll of vulnerability {unknown}
 g - a scroll of blinking {unknown}
 h - a scroll of fear {unknown}
 i - a scroll of brand weapon {unknown}
 l - a scroll of identify {unknown}
Potions
 b - a potion of magic
 f - a potion of heal wounds {unknown}
 j - a potion of might {unknown}


   Skills:
 * Level 1.0 Fighting
 * Level 1.1 Armour
 * Level 2.0 Dodging
 + Level 1.5 Stealth
 * Level 2.2 Spellcasting
 * Level 4.8 Necromancy


You had 3 spell levels left.
You knew the following spells:

 Your Spells              Type           Power      Damage    Failure   Level
a - Necrotise             Necr           72%        1d7       2%          1
b - Vampiric Draining     Necr           18%        2d7       8%          3

Your spell library contained the following spells:

 Spells                   Type           Power      Damage    Failure   Level
 Magic Dart               Conj           4%         1d3       19%         1
 Searing Ray              Conj           2%         2d4       28%         2
 Animate Dead             Necr           18%        N/A       26%         4
 Agony                    Necr           18%        N/A       58%         5
 Airstrike                Air            0%         2d(1-17)  88%         4
 Fulminant Prism          Conj/Hex       0%         3d6       88%         4
 Summon Lightning Spire   Summ/Air       1%         N/A       88%         4
 Lightning Bolt           Conj/Air       0%         1d11      99%         5


Dungeon Overview and Level Annotations

Branches:
Dungeon (2/15)

Altars:
Dithmenos


Message History

The orc wizard is severely wounded.
The orc wizard mumbles some strange words.
The orc wizard flickers and vanishes!
Deactivating autopickup; reactivate with Ctrl-A.
You miss something. Something hits you.
You miss something. Something hits you.
You closely miss something. Something hits you.
You miss something. You punch something. Something hits you.
You closely miss something. Something hits you.
* * * LOW HITPOINT WARNING * * *
Your magical contamination has completely faded away.
You hit something but do no damage. Something hits you.
* * * LOW HITPOINT WARNING * * *
You barely miss something.
You hear some strange, mumbled words.
You are confused.
You bump into the rock wall.
Something hits you.
* * * LOW HITPOINT WARNING * * *
You feel better. Something hits you.
You barely miss something. Something hits you.
Aiming: Necrotise (safe; 2% risk of failure)
Press: ? - help, Q - select action, (/) - cycle Shift-Dir - straight line You miscast Necrotise.
You are very lightly contaminated with residual magic.
Nothing appears to happen.
Something hits you.
You don't have enough magic to cast this spell.
You miss something. Something completely misses you.
You closely miss something. Something hits you.
* * * LOW HITPOINT WARNING * * *
You barely miss something. Something hits you.
* * * LOW HITPOINT WARNING * * *
You miss something. Something barely misses you.
You closely miss something.
You hear some strange, mumbled words.
A magic dart appears from out of thin air!
The magic dart hits you!
* * * LOW HITPOINT WARNING * * *
Magic courses through your body. Something hits you.
You die...

##.≈#######.## #.#
##⌠.≈######...###.##
..(.≈#.............##
≈≈≈≈≈######...#.....#
###### ##.###....# #
#.# #..#.# # #.#
#.##.# # #.# #{##.# #
#.# #@##.# # #.#
#.##.# # #.# #.##.# #
#.# #.##.# # #.#
#.##.# # #.# #.#
###### #.# #.# .....#
#.# #.#
####.#######.###.#


There were no monsters in sight!

Vanquished Creatures
  Terence (D:2)
  An adder (D:2)
  A dart slug (D:1)
  An orc (D:2)
  4 bats
  8 endoplasms
  3 giant cockroaches
  3 goblins (D:1)
  5 hobgoblins (D:1)
  3 jackals (D:2)
  5 quokkas
  A frilled lizard (D:1)
  4 kobolds
  4 rats (D:2)
44 creatures vanquished.

Vanquished Creatures (collateral kills)
  An orc (D:2)
  A goblin (D:1)
  A jackal (D:2)
3 creatures vanquished.

Grand Total: 47 creatures vanquished

Notes
Turn   | Place    | Note
-------+----------+-------------------------------------------
     0 | D:1      | GreatBamboolord the Hill Orc Necromancer began the quest
                  | for the Orb.
     0 | D:1      | Reached XP level 1. HP: 14/14 MP: 3/3
   257 | D:1      | Reached XP level 2. HP: 20/20 MP: 2/4
   573 | D:1      | Reached XP level 3. HP: 20/26 MP: 0/5
   587 | D:1      | Learned a level 3 spell: Vampiric Draining
  1280 | D:2      | Found a shadowy altar of Dithmenos.
  1442 | D:2      | Noticed Terence
  1448 | D:2      | Killed Terence
  1449 | D:2      | Reached XP level 4. HP: 34/34 MP: 0/7
  1551 | D:2      | Reached skill level 1 in Armour
  1553 | D:2      | Reached skill level 1 in Fighting
  1982 | D:2      | Slain by an orc wizard

Illustrated notes

Levels and vault maps discovered:
D:1:      onia_arrival_mini_maze, layout_loops_ring
D:2:      layout_loops_ring, basic_altar, kennysheep_pointless_box, uniq_terence

Skill      XL: |  1  2  3  4 |
---------------+-------------+-----
Dodging        | 2 |  2.0
Spellcasting   | 2 |  2.2
Armour         | 1 |  1.1
Fighting       | 1 |  1.0
Stealth        | |  1.5
Necromancy     | |  4.8

Action                   |  1- 3 |  4- 6 || total
-------------------------+-------+-------++-------
Melee: Unarmed           |    36 |    55 ||    91
       Punch             |     1 |     1 ||     2
 Cast: Necrotise         |    62 |    29 ||    91
  Use: Potion            |       |     3 ||     3
Armor: Robe              |     9 |    16 ||    25
Dodge: Dodged            |    37 |    24 ||    61

Table legend: (Time is in decaauts)
 A = Elapsed time spent in this place.
 B = Non-inter-level travel time spent in this place.
 C = Inter-level travel time spent in this place.
 D = Time resting spent in this place.
 E = Time spent auto-exploring this place.
 F = Levels seen in this place.
 G = Mean time per level.
                   A        B        C        D        E       F      G
               +--------+--------+--------+--------+--------+-----+--------+
         Total |   1981 |   1970 |     11 |      0 |   1614 |   2 |  990.5 |
       Dungeon |   1981 |   1970 |     11 |      0 |   1614 |   2 |  990.5 |
               +--------+--------+--------+--------+--------+-----+--------+

Top non-repeatable levels by time:
     D:1: 1099 daAuts
     D:2: 882 daAuts
